cohdb
Replays
Latest Replays
All Replays
Popular Replays
Top Player Replays
Match Explorer
How It Works
Community
CoH3 Stats
Reddit
Sign in to upload your games and track your stats! →
Sign in with Steam
Match 43209789
Unlisted
Match 43209789
Overview
Messages
Build Orders
End
Vickers Machine Gun Team
Construct Section Command Post
Infantry Section
Dingo Light Scout Car
Construct Field Infirmary
Infantry Section
Royal Engineer Section
Construct Platoon Command Post
Unlock M3 Stuart Light Tanks
Selects Canadian Shock Battlegroup
Selects Burnout
Selects Attacking Spirit
Selects Canadian Shock Section
Canadian Shock Section
M3 Stuart Light Tank
Burnout
M3 Stuart Light Tank
Canadian Shock Section
Burnout
M3 Stuart Light Tank
Royal Engineer Section
Burnout
Burnout
ßoo
Tactical Nuclear Cow
Ce33
Blacksmith
0
0
Comments
sign in to comment!
No comments posted yet!